 Dungeon Crawl Stone Soup version 0.30.0-18-gc0e69614cb (webtiles) character file.

Game seed: 1073951277887798567

44 olmar the Trooper (level 3, -5/34 HPs)
             Began as a Naga Fighter on May 23, 2023.
             Splashed by a jelly's acid (8 damage)
             ... on level 2 of the Dungeon.
             The game lasted 00:01:39 (1461 turns).

olmar the Trooper (Naga Fighter)                    Turns: 1461, Time: 00:01:40

Health: -5/34      AC: -11   Str: 20    XL:     3   Next: 60%
Magic:  3/3        EV:  7    Int:  8    God:
Gold:   153        SH:  4    Dex: 10    Spells: 2/2 levels left

rFire   . . .        a - +0 flail
rCold   . . .        c - +0 buckler
rNeg    . . .        b - +0 scale mail
rPois   +            (no helmet)
rElec   .            (no cloak)
rCorr   .            (no gloves)
SInv    +            (no barding)
Will    .....        (no amulet) Stlth
                     (no ring)
HPRegen 0.25/turn    (no ring)
MPRegen 0.08/turn

%: no passive effects
@: short of breath, corroded, very slow
A: AC +1, large, see invisible, deformed body, poison resistance, slowness 2,
spit poison 1, naga tail 1
a: Spit Poison


You were on level 2 of the Dungeon.
You visited 1 branch of the dungeon, and saw 2 of its levels.

You collected 153 gold pieces.

Inventory:

Hand Weapons
 a - a +0 flail (weapon)
Missiles
 f - 5 atropa-tipped darts
Armour
 b - a +0 scale mail (worn)
 c - a +0 buckler (worn)
 o - a +1 helmet
Scrolls
 h - a scroll of teleportation
 k - a scroll of acquirement {unknown}
 l - a scroll of blinking {unknown}
 m - a scroll of fog {unknown}
Potions
 d - a potion of might
 g - a potion of brilliance
 i - a potion of magic
 j - a potion of attraction
 n - a potion of curing {unknown}


   Skills:
 + Level 3.3 Fighting
 + Level 2.5 Maces & Flails
 + Level 2.9 Armour
 - Level 0.1 Dodging
 + Level 0.3 Stealth
 + Level 3.0 Shields


You had 2 spell levels left.
You didn't know any spells.
Your spell library was empty.

Dungeon Overview and Level Annotations

Branches:
Dungeon (2/15)

Altars:


Innate Abilities, Weirdness & Mutations

Your serpentine skin is tough. (AC +1)
You have supernaturally acute eyesight. (SInv)
Armour fits poorly on your strangely shaped body.
Your system is resistant to poisons. (rPois)
You cover ground very slowly.
You can spit poison.
You have a snake-like lower body.


Message History

HP restored.
Aiming: Spit Poison (2% risk of failure)
Press: ? - help, Shift-Dir - straight line, f - you
Okay, then.
Aiming: Spit Poison (2% risk of failure)
Press: ? - help, Shift-Dir - straight line, f - jelly
Aim: a jelly (100% to hit)
The splash of poison hits the jelly.
The jelly completely resists.
You have got your breath back.
You sock the jelly! The acid corrodes you!
Your hands burn!
The jelly is heavily wounded.
The jelly barely misses you.
Unknown command.
You hit the jelly but do no damage. The acid corrodes you!
Your hands burn!
The jelly is heavily wounded.
The jelly hits you. The acid corrodes you!
You are splashed with acid!
You hit the jelly but do no damage. The acid corrodes you!
Your hands burn!
The jelly is heavily wounded.
The jelly hits you.
You are splashed with acid!
* * * LOW HITPOINT WARNING * * *
Unknown command.
Unknown command.
You are too injured to fight recklessly!
You are too injured to fight recklessly!
Unknown command.
Aiming: Spit Poison (2% risk of failure)
Press: ? - help, Shift-Dir - straight line, f/p - jelly
Aim: a jelly (heavily wounded, 100% to hit)
The splash of poison hits the jelly.
The jelly is severely wounded.
The jelly barely misses you.
Unknown command.
You hit the jelly.
Your hands burn!
* * * LOW HITPOINT WARNING * * *
The jelly is severely wounded.
The jelly jiggles.
The jelly hits you.
* * * LOW HITPOINT WARNING * * *
You are splashed with acid!
You die...

##.##>......#..# #.....)#
#.........###.# #......#
##..........##.### #......#
##.........#......# #......#
#..........#####..## #......#
#..(.......# #...# ###...[..#
...........# #...#####......รท..
#..........######..#............#
#...............@J...#...#......#
#.........#######......###......#
#..........# ####.......##..#####
...........###......###.##.##
...............####.###.>..#
............#### #.......###
.............#####.......########
..........##.....................
.........###..####......##.......


You could see a jelly.

Vanquished Creatures
  A gnoll (D:1)
  2 dart slugs
  3 bats
  3 endoplasms
  2 giant cockroaches
  2 goblins (D:1)
  A hobgoblin (D:2)
  3 ball pythons
  3 frilled lizards
  8 kobolds
  3 rats
31 creatures vanquished.

Notes
Turn   | Place    | Note
-------+----------+-------------------------------------------
     0 | D:1      | olmar the Naga Fighter began the quest for the Orb.
     0 | D:1      | Reached XP level 1. HP: 21/21 MP: 1/1
   140 | D:1      | Reached XP level 2. HP: 20/28 MP: 2/2
   365 | D:1      | Reached XP level 3. HP: 21/34 MP: 3/3
   942 | D:2      | Found a faded altar of an unknown god.
  1461 | D:2      | Splashed by a jelly's acid

Illustrated notes

Levels and vault maps discovered:
D:1:      beargit_arrival_diablo_church, layout_basic
D:2:      cheibrodos_fertilizer, layout_rooms,
          shapermc_ecumenical_altar_starsandcircs

Skill      XL: |  1  2  3 |
---------------+----------+-----
Shields        | 3 |  3.0
Fighting       | |  3.3
Maces & Flails | |  2.5
Armour         | |  2.9
Dodging        | |  0.1
Stealth        | |  0.3

Action                     || total
---------------------------++-------
  Melee: Flail             ||   100
Ability: Spit Poison       ||    10
    Use: Scroll            ||     4
 Armour: Scale mail        ||    56
  Dodge: Dodged            ||    36
  Block: Buckler           ||    18
